 Dungeon Crawl Stone Soup version 0.28.0 (webtiles) character file.

Game seed: 13162165018298442882

21 Leszczynek the Vexing (level 3, -2/28 HPs)
             Began as a Human Enchanter on Feb 9, 2022.
             Killed by nerve-wracking pain
             ... invoked by Jessica
              (14 damage)
             ... on level 2 of the Dungeon.
             The game lasted 00:02:53 (1297 turns).

Leszczynek the Vexing (Human Enchanter)             Turns: 1297, Time: 00:02:53

Health: -2/28      AC:  5    Str: 10    XL:     3   Next: 5%
Magic:  6/6        EV: 10    Int: 15    God:
Gold:   21         SH:  3    Dex: 13    Spells: 6/6 levels left

rFire   . . .      SeeInvis .   a - +0 short sword
rCold   . . .      Faith    .   j - +0 buckler
rNeg    . . .      Spirit   .   e - +0 ring mail
rPois   .          Reflect  .   (no helmet)
rElec   .          Harm     .   (no cloak)
rCorr   .          Rampage  .   (no gloves)
Will    .....                   (no boots)
Stlth   ++........              (no amulet)
HPRegen 0.09/turn               (no ring)
MPRegen 0.10/turn               (no ring)

@: invisible
A: no striking features
a: no special abilities


You were on level 2 of the Dungeon.
You visited 1 branch of the dungeon, and saw 2 of its levels.

You collected 21 gold pieces.

Inventory:

Hand Weapons
 a - a +0 short sword (weapon)
 k - a +1 dagger
Missiles
 g - 3 javelins (quivered)
Armour
 b - a +0 robe
 e - a +0 ring mail (worn)
 j - a +0 buckler (worn)
Scrolls
 d - a scroll of silence {unknown}
 f - a scroll of enchant armour {unknown}
 h - a scroll of fear {unknown}
 i - 2 scrolls of identify {unknown}


   Skills:
 + Level 2.4 Fighting
 - Level 1.0 Short Blades
 - Level 2.0 Dodging
 - Level 3.0 Stealth
 - Level 2.0 Spellcasting
 - Level 3.0 Hexes


You had 6 spell levels left.
You didn't know any spells.
Your spell library contained the following spells:

 Spells                   Type           Power      Damage    Failure   Level
 Ensorcelled Hibernation  Hex/Ice        12%        N/A       54%         2
 Confusing Touch          Hex            10%        N/A       56%         3
 Tukima's Dance           Hex            10%        N/A       56%         3
 Dazzling Flash           Conj/Hex       12%        N/A       78%         3
 Ignite Poison            Fire/Tmut/Pois 1%         N/A       94%         3
 Mephitic Cloud           Conj/Pois/Air  1%         N/A       94%         3
 Freezing Cloud           Conj/Ice/Air   0%         6-21      100%        5


Dungeon Overview and Level Annotations

Branches:
Dungeon (2/15)

Altars:

Annotations:
D:2 Jessica


Message History

No target in view!
You start resting.
HP restored.
Things that are here:
a +0 club; a goblin corpse
Things that are here:
a +0 club; a goblin corpse
Found a stone staircase leading down.
A frilled lizard comes into view.
A frilled lizard is nearby!
Jessica the Apprentice Sorceress comes into view.
She is wielding a +0 club.
The frilled lizard hisses angrily.
Things that are here:
a +0 club; a goblin corpse Jessica casts a spell.
Jessica seems to speed up.
Jessica mumbles some strange words.
Jessica blinks!
Found a stone staircase leading down and a stone staircase leading up.
A jackal comes into view.
Jessica casts a spell at you. Pain shoots through your body!
Ouch! That really hurt!
You fade into invisibility!
A jackal comes into view.
Jessica gestures wildly.
Jessica casts a spell at you. Pain shoots through your body!
Jessica closely misses you.
You closely miss Jessica. Jessica hits you but does no damage.
Jessica closely misses you.
You strike the helpless Jessica from behind!
You puncture Jessica!
Jessica is severely wounded.
Jessica points at you and mumbles some strange words.
You resist with some effort. Jessica gestures at you while chanting.
Pain shoots through your body!
Ouch! That really hurt!
You die...

######### #.......#
#.......#
#.......#######
######รท............#
#...@@.............#
#.####.............#
#######.##
#.............#
#........#
#.............#
#...<....#
#.......>.....#
#.........#
#####.##......##
#.........#
##...##.......#
#......h..#
#..##########..
...........# #.## ##.


You could see Jessica (fast).

Vanquished Creatures
  2 dart slugs (D:1)
  3 endoplasms
  3 goblins
  A hobgoblin (D:1)
  A bat (D:1)
  A frilled lizard (D:2)
  2 kobolds
  5 rats (D:1)
18 creatures vanquished.

Notes
Turn   | Place    | Note
-------+----------+-------------------------------------------
     0 | D:1      | Leszczynek the Human Enchanter began the quest for the Orb.
     0 | D:1      | Reached XP level 1. HP: 13/13 MP: 3/3
   273 | D:1      | Reached skill level 1 in Fighting
   301 | D:1      | HP: 3/15 [hobgoblin (4)]
   438 | D:1      | HP: 3/15 [hobgoblin (2)]
   447 | D:1      | Reached XP level 2. HP: 15/21 MP: 5/5
   837 | D:1      | Reached skill level 2 in Fighting
  1152 | D:2      | Reached XP level 3. HP: 22/28 MP: 6/6
  1265 | D:2      | Noticed Jessica
  1290 | D:2      | Ouch! That really hurt!
  1297 | D:2      | Ouch! That really hurt!
  1297 | D:2      | Killed from afar by Jessica

Illustrated notes

Levels and vault maps discovered:
D:1:      dpeg_arrival_rooms_a, layout_basic, minmay_pentomino_r2
D:2:      layout_rooms, basic_ecumenical_altar, minmay_tripent, uniq_jessica,
          uniq_crazy_yiuf_cottage

Skill      XL: |  1  2 |
---------------+-------+-----
Fighting       | 1 2 |  2.4
Short Blades   | |  1.0
Dodging        | |  2.0
Stealth        | |  3.0
Spellcasting   | |  2.0
Hexes          | |  3.0

Action                   || total
-------------------------++-------
Melee: Dagger            ||    59
       Short sword       ||    10
  Use: Potion            ||     3
 Stab: Sleeping          ||     1
       Invisible         ||     1
Armor: Ring mail         ||    20
Dodge: Dodged            ||    35
Block: Buckler           ||     1
